Map: Daybreak LE (Void)

Players

Reidi

  • Race: Terran Terran
  • League: Silver
  • Spawn Location: 7:00

Amix - Winner!

  • Race: Zerg Zerg
  • League: Gold
  • Spawn Location: 1:00

VOD

Have the link to the VOD?

Description

Time

  • Played on: Nov. 28, 2016, 11:59 a.m.
  • Length: 5:23
Show
View Real Time Build Order
Export as new Build Order

Reidi Terran 

Build Orders:  

Get SALT Encoding   

  12  0:01  SCV  
  13  0:13  SCV  
  14  0:18  Supply Depot  
  14  0:25  SCV  
  15  0:40  SCV  
  15  0:42  Barracks  
  16  0:46  Refinery  
  16  0:52  SCV  
  17  1:04  SCV  
  17  1:05  Refinery  
  18  1:16  SCV  
  19  1:28  SCV  
  19  1:30  Supply Depot  
  19  1:32  Reaper  
  21  1:40  SCV  
  22  1:53  SCV  
  23  1:56  Factory  
  23  2:04  Marine  
  23  2:05  SCV  
  25  2:12  Supply Depot  
  25  2:17  Orbital Command  
  25  2:22  Marine  
  26  2:40  Marine  
  27  3:10  Starport  
  26  3:16  SCV  
  26  3:17  Command Center  
  26  3:19  Widow Mine  
  29  3:20  Marine  
  30  3:29  Barracks  
  30  3:38  Marine  
  30  3:39  Barracks  
  31  3:47  Starport Reactor, Widow Mine  
  33  3:56  Marine  
  34  4:14  Marine  
  34  4:16  Widow Mine  
  37  4:18  Barracks Reactor  
  37  4:31  Marine, Supply Depot  
  37  4:34  Supply Depot  
  37  4:37  Supply Depot  
  38  4:47  Refinery, Medivac x2  
  38  4:50  Factory Tech Lab  
  42  4:56  Barracks Reactor  
  42  4:57  Barracks Tech Lab  
  42  4:58  Marine x2  
  44  5:06  SCV  
Show
View Real Time Build Order
Export as new Build Order

Amix Zerg - Winner!

Build Orders: Hatch First 

Get SALT Encoding   

  12  0:01  Drone  
  13  0:08  Drone  
  14  0:17  Overlord  
  14  0:25  Drone, Extractor  
  15  0:35  Drone x2  
  17  0:56  Hatchery  
  16  0:57  Drone  
  17  1:09  Extractor  
  17  1:10  Drone  
  17  1:17  Spawning Pool  
  16  1:19  Drone  
  16  1:22  Drone  
  18  1:27  Drone  
  19  1:38  Drone  
  20  1:48  Overlord  
  20  2:02  Drone  
  20  2:06  Queen  
  23  2:08  Metabolic Boost  
  23  2:10  Queen  
  25  2:15  Drone  
  25  2:16  Drone  
  25  2:19  Drone  
  25  2:21  Drone  
  29  2:30  Drone  
  29  2:31  Drone  
  29  2:52  Pneumatized Carapace  
  29  2:53  Queen  
  29  2:56  Drone x2  
  29  2:57  Zergling x4  
  34  3:14  Zergling x4  
  34  3:19  Overlord x2  
  36  3:20  Evolution Chamber  
  35  3:28  Drone  
  36  3:37  Queen x2  
  36  3:40  Overlord x2  
  40  4:05  Zergling x14  
  47  4:20  Zergling x10  
  47  4:21  Zergling x4  
  54  4:33  Zergling x4  
  54  4:35  Queen x2  
  60  4:48  Zergling x8  
Tags
 
Add a new tag
Caveats
  • Supply blocks, unpowered buildings, or Contaminate may cause inaccurate times.
  • Supply counts are checked every 10 seconds.